 Dungeon Crawl Stone Soup version 0.28.0-53-g5a82cb258f (webtiles) character file.

Game seed: 15995845605516971247

16 SanguineChosen the Firebug (level 2, -4/20 HPs)
             Began as a Hill Orc Fire Elementalist on June 2, 2022.
             Frozen to death by an endoplasm (5 damage)
             ... on level 1 of the Dungeon.
             The game lasted 00:13:01 (938 turns).

SanguineChosen the Firebug (HOFE)                    Turns: 938, Time: 00:13:02

Health: -4/20      AC:  2    Str: 10    XL:     2   Next: 54%
Magic:  0/4        EV: 12    Int: 15    God:
Gold:   10         SH:  0    Dex: 11    Spells: 3/4 levels left

rFire   . . .      SeeInvis .   c - +0 club
rCold   . . .      Faith    .   (no shield)
rNeg    . . .      Spirit   .   a - +0 robe
rPois   .          Reflect  .   (no helmet)
rElec   .          Harm     .   (no cloak)
rCorr   .          Rampage  .   (no gloves)
Will    .....                   (no boots)
Stlth   ++........              (no amulet)
HPRegen 0.06/turn               (no ring)
MPRegen 0.09/turn               (no ring)

@: no status effects
A: no striking features
a: no special abilities


You were on level 1 of the Dungeon.
You visited 1 branch of the dungeon, and saw 2 of its levels.

You collected 10 gold pieces.

Inventory:

Hand Weapons
 c - a +0 club (weapon)
Armour
 a - a +0 robe (worn)
Scrolls
 b - 2 scrolls of identify
 e - a scroll of summoning {unknown}
Potions
 d - 2 potions of berserk rage


   Skills:
 + Level 1.6 Dodging
 + Level 1.8 Stealth
 + Level 1.8 Spellcasting
 + Level 1.1 Conjurations
 + Level 3.6 Fire Magic


You had 3 spell levels left.
You knew the following spells:

 Your Spells              Type           Power      Damage    Failure   Level
a - Foxfire               Conj/Fire      32%        2x1d5     9%          1

Your spell library contained the following spells:

 Spells                   Type           Power      Damage    Failure   Level
 Scorch                   Fire           24%        2d6       8%          2
 Conjure Flame            Conj/Fire      8%         6-21      26%         3
 Inner Flame              Hex/Fire       6%         N/A       32%         3
 Flame Wave               Conj/Fire      8%         2d5       63%         4


Dungeon Overview and Level Annotations

Branches:
Dungeon (2/15)

Altars:


Message History

Your attack snaps the rat out of its fear.
The rat is severely wounded.
The rat bites you but does no damage.
As you read the scroll labelled FUQEEB PI UCHOU, it crumbles to dust.
It is a scroll of identify.
d - 2 potions of berserk rage The rat misses you.
You barely miss the rat.
The rat is severely wounded.
The rat closely misses you.
You hit the rat.
You kill the rat!
The endoplasm hits you.
* * * LOW HITPOINT WARNING * * *
The endoplasm barely misses you.
Casting: Foxfire (safe; 9% risk of failure)
Confirm with . or Enter, or press ? or * to list all spells.
You conjure some foxfire!
The endoplasm completely misses you.
Your foxfire dissipates!
The foxfire hits the endoplasm.
The endoplasm is heavily wounded.
The endoplasm barely misses you.
Casting: Foxfire (safe; 9% risk of failure)
Confirm with . or Enter, or press ? or * to list all spells.
You conjure some foxfire!
The endoplasm freezes you.
You are frozen.
* * * LOW HITPOINT WARNING * * *
Your foxfire dissipates!
The foxfire hits the endoplasm.
The endoplasm is severely wounded.
The endoplasm closely misses you.
The endoplasm quivers.
The endoplasm misses you.
Casting: Foxfire (safe; 9% risk of failure)
Confirm with . or Enter, or press ? or * to list all spells.
You conjure some foxfire!
The endoplasm freezes you.
You are frozen.
You die...

.##....# *#...#.... .#.###.##
#....#..⌠( ..## ##.##
#....###'# .## ##.# #.........
.# #.# ##.......# .## *#.#
##### ##.....## ..## ##.##
#...# ##...#*# ##.###.###
###...### ##.#* # ###......#
#....@v.#########.#### #
##.....###...Jv..........J.....
#
#...............########.#####
####.....#####..J###### #.# #
##....................# #.# #
##.##.#†......#######.# #.# #
......#.#####.# #.#####.#####
.#.#....# #.# #....r....J..
........# #.# #######.#####


You could see 2 endoplasms.

Vanquished Creatures
  A bat (D:1)
  An endoplasm (D:1)
  A giant cockroach (D:1)
  A goblin (D:1)
  A hobgoblin (D:1)
  A jackal (D:1)
  2 kobolds
  A quokka (D:1)
  A frilled lizard (D:1)
  5 rats (D:1)
15 creatures vanquished.

Vanquished Creatures (others)
  28 foxfires
28 creatures vanquished.

Grand Total: 43 creatures vanquished

Notes
Turn   | Place    | Note
-------+----------+-------------------------------------------
     0 | D:1      | SanguineChosen the Hill Orc Fire Elementalist began the
                  | quest for the Orb.
     0 | D:1      | Reached XP level 1. HP: 14/14 MP: 3/3
     1 | D:1      | Found a runed translucent door.
   283 | D:1      | Found a faded altar of an unknown god.
   445 | D:1      | Reached XP level 2. HP: 20/20 MP: 0/4
   932 | D:1      | HP: 1/20 [frozen (5)]
   938 | D:1      | Frozen to death by an endoplasm

Illustrated notes

Levels and vault maps discovered:
D:1:      dpeg_arrival_caged_fury, layout_loops_ring,
          shapermc_ecumenical_altar_mp_vishouse
D:2:      cheibrodos_greedy_goblins, layout_loops_corners, minmay_heptomino_l4,
          uniq_natasha

Action                   || total
-------------------------++-------
Melee: Unarmed           ||     2
       Club              ||    12
 Cast: Foxfire           ||    34
  Use: Scroll            ||     3
       Potion            ||     1
Armor: Robe              ||     8
Dodge: Dodged            ||    27
